 Dungeon Crawl Stone Soup version 0.23.2-1-ga50397a (webtiles) character file.

Game seed: 7514436772201427638

13 MajorAdolf the Skirmisher (level 2, -2/30 HPs)
             Began as a Naga Wanderer on Apr 21, 2019.
             Slain by an ooze (5 damage)
             ... on level 1 of the Dungeon.
             The game lasted 00:04:03 (817 turns).

MajorAdolf the Skirmisher (Naga Wanderer)            Turns: 817, Time: 00:04:04

Health: -2/30      AC:  0    Str: 15    XL:     2   Next: 37%
Magic:  2/2        EV:  9    Int: 12    God:
Gold:   53         SH:  0    Dex:  9    Spells: 1/1 levels left

rFire    . . .     SeeInvis +   e - +0 blowgun
rCold    . . .     Gourm    .   (no shield)
rNeg     . . .     Faith    .   (no armour)
rPois    +         Spirit   .   (no helmet)
rElec    .         Reflect  .   (no cloak)
rCorr    .         Harm     .   (no gloves)
MR       .....                  (no barding)
Stlth    ++........             (no amulet)
HPRegen  0.10/turn              (no ring)
MPRegen  0.08/turn              (no ring)

@: flying, very slow
A: large, see invisible, deformed body, poison resistance, slowness 2, slow
metabolism 1, spit poison 1, AC +0
a: Spit Poison


You were on level 1 of the Dungeon.
You were not hungry.

You visited 1 branch of the dungeon, and saw 2 of its levels.

You collected 53 gold pieces.

Inventory:

Hand Weapons
 a - a +2 hand crossbow
 e - a +0 blowgun (weapon)
 i - a +0 dagger
Missiles
 b - 25 bolts
 d - 6 poisoned needles (quivered)
Armour
 p - a +0 large shield
Jewellery
 g - an uncursed amulet of regeneration {unknown}
 h - an uncursed ring of flight {unknown}
 l - an uncursed ring of poison resistance {unknown}
 m - an uncursed amulet of the acrobat {unknown}
Scrolls
 j - a scroll of identify {unknown}
 k - a scroll of remove curse {unknown}
Comestibles
 f - 4 rations


   Skills:
 - Level 4.0 Fighting
 - Level 1.7 Crossbows
 - Level 1.0 Throwing
 - Level 1.5 Armour
 + Level 3.8 Stealth


You had one spell level left.
You didn't know any spells.
Your spell library was empty.

Dungeon Overview and Level Annotations

Branches:
Dungeon (2/15)

Altars:


Innate Abilities, Weirdness & Mutations

You cannot wear boots.
Your serpentine skin is tough. (AC +0)
You have supernaturally acute eyesight. (SInv)
Armour fits poorly on your strangely shaped body.
Your system is resistant to poisons. (rPois)
You cover ground very slowly.
You have a slow metabolism.
You can spit poison.


Message History

* * * LOW HITPOINT WARNING * * *
The hobgoblin hits you with a +0 club.
* * * LOW HITPOINT WARNING * * *
The hobgoblin closely misses you. The hobgoblin barely misses you.
The hobgoblin hits you but does no damage.
All of the chunks of flesh in your inventory have rotted away.
The hobgoblin hits you with a +0 club.
* * * LOW HITPOINT WARNING * * *
The ooze jiggles.
The ooze closely misses you.
You see here 3 stones.
A hobgoblin opens the door.
The ooze hits you.
* * * LOW HITPOINT WARNING * * *
The ooze barely misses you.
It was a potion of flight.
You feel very buoyant.
You fly up into the air.
The ooze hits you.
You die...

#..........# #.....# #..........#
#.###.#
#..........##########..##.#
#.>........#.........w.##.# ##
#...............#####..##.# .#
#.............#.#####..##w# .##
#..........#..#.#...#..##.# ..#
#..........#..#.#.#.#..##K# ..#
#####.##.#@#..#.#.#.#..##.#
..#########.##.#J#.g#.#.#.#w.##.#
..............(.g...(......>.##.#
..########..##.###.##'#.........#
..# #..##............##.####
.##### #..#######.......##.#
.....# #..##............##.#
####.#####..##....#####'####.#
..................'.....# #.#


You could see an ooze and a hobgoblin.

Vanquished Creatures
  A bat (D:1)
  2 goblins (D:1)
  4 hobgoblins (D:1)
  A ball python (D:1)
  3 kobolds (D:1)
  A rat (D:1)
12 creatures vanquished.

Notes
Turn   | Place    | Note
-------+----------+-------------------------------------------
     0 | D:1      | MajorAdolf the Naga Wanderer began the quest for the Orb.
     0 | D:1      | MajorAdolf set off with the following items: a +2 hand
                  | crossbow, 25 bolts, a +0 ring mail, 9 poisoned needles, a
                  | +0 blowgun, a ration
     0 | D:1      | Reached XP level 1. HP: 22/22 MP: 1/1
   128 | D:1      | Reached XP level 2. HP: 30/30 MP: 2/2
   817 | D:1      | Slain by an ooze

Skill      XL: |  1 |
---------------+----+-----
Stealth        | 3 |  3.8
Fighting       | |  4.0
Crossbows      | |  1.7
Throwing       | |  1.0
Armour         | |  1.5

Action                   || total
-------------------------++-------
 Fire: Blowgun           ||    14
 Abil: Spit Poison       ||    11
  Use: Potion            ||     1
Armor: Ring mail         ||     5
Dodge: Dodged            ||    21
